 Dungeon Crawl Stone Soup version 0.30-a0-782-ge64f9170bb (webtiles) character file.

Game seed: 2267759712997838837

37 ryw the Trooper (level 3, 0/30 HPs)
             Began as a Demonspawn Monk on Feb 18, 2023.
             Slain by a goblin
             ... wielding a +0 club
             ... led by Robin
              (6 damage)
             ... on level 2 of the Dungeon.
             The game lasted 00:01:53 (1411 turns).

ryw the Trooper (Demonspawn Monk)                   Turns: 1411, Time: 00:01:53

Health: 0/30       AC:  2    Str: 11    XL:     3   Next: 23%
Magic:  3/3        EV: 13    Int: 15    God:
Gold:   36         SH:  0    Dex: 15    Spells: 2/2 levels left

rFire   . . .      SeeInvis .      - Unarmed
rCold   . . .      Faith    .    (no shield)
rNeg    . . .      Spirit   .    a - +0 robe
rPois   .          Reflect  .    (no helmet)
rElec   .          Harm     .    (no cloak)
rCorr   .          Rampage  .    (no gloves)
Will    .....                    (no boots)
Stlth   ++                       (no amulet)
HPRegen 0.25/turn                (no ring)
MPRegen 0.08/turn                (no ring)

@: no status effects
A: big brain 1
a: no special abilities


You were on level 2 of the Dungeon.
You visited 1 branch of the dungeon, and saw 2 of its levels.

You collected 36 gold pieces.

Inventory:

Armour
 a - a +0 robe (worn)
Jewellery
 e - a +4 ring of protection
 h - a ring of flight
Scrolls
 g - 2 scrolls of identify {unknown}
Potions
 b - a potion of ambrosia
 c - a potion of flight {unknown}
 f - 2 potions of curing {unknown}
 i - a potion of degeneration {unknown}


   Skills:
 + Level 3.7 Fighting
 + Level 3.4 Dodging
 - Level 1.7 Stealth
 - Level 2.6 Unarmed Combat


You had 2 spell levels left.
You didn't know any spells.
Your spell library was empty.

Dungeon Overview and Level Annotations

Branches:
Dungeon (2/15)

Altars:

Annotations:
D:2 Robin


Innate Abilities, Weirdness & Mutations

You have an unusually large brain. (Int +2)


Message History

Robin and 2 goblins come into view.
Robin is wielding a +0 whip and carrying a wand of digging (5).
The goblin unwields a +0 club.
The goblin wields a +0 sling.
The goblin shoots a sling bullet.
The sling bullet closely misses you.
You hear a shout! 3 goblins come into view.
Found a scroll labelled CAESOERAFF.
Robin shouts!
The goblin shouts!
You hear a shout! x3
Robin roars a battlecry!
The goblins go into a battle-frenzy!
A goblin comes into view. It is wielding a +0 dagger.
The goblin shoots a sling bullet.
The sling bullet hits you. 3 goblins come into view.
The goblin shouts! x2
Robin drinks a potion.
Robin seems to speed up.
The goblin shoots a sling bullet.
The sling bullet closely misses you.
The goblin shouts!
Robin throws the goblin at you! The goblin barely misses you.
Robin throws the goblin at you!
You closely miss the goblin. You punch the goblin, but do no damage.
Robin throws the goblin at you! The goblin closely misses you.
The goblin hits you with a +0 club. The goblin barely misses you.
The goblin hits you with a +0 dagger. The goblin misses you.
You miss the goblin. The goblin hits you with a +0 club. The goblin misses you.
The goblin hits you with a +0 dagger. x3
* * * LOW HITPOINT WARNING * * *
You hit the goblin.
You kill the goblin!
Robin's horned helmet rattles.
The goblin misses you. The goblin hits you with a +0 club.
* * * LOW HITPOINT WARNING * * *
The goblin hits you with a +0 dagger.
* * * LOW HITPOINT WARNING * * *
The goblin unwields a +0 sling.
The goblin wields a +0 club.
The goblin hits you but does no damage.
As you read the scroll labelled HUMNIF GUQAU, it crumbles to dust.
It is a scroll of amnesia.
You feel forgetful for a moment. The goblin barely misses you.
The goblin closely misses you. The goblin hits you with a +0 club.
You die...

..#....#...#.##
..#....#.#.#.#.........#
..#......#...#.........#
..#....###..##........?#
..#....................#
..#...###..###.........#
..#...# #..# #...g.....#
..###'###..# #.gggg....#
..#~~.~~#..# #.g@g.....#
..#~.#.~#..# #.ggg.....#
..'.#♣#.'..# #.........#
..#~.#.~##.###.........#
..#~~.~~#....#.........#
#####+####.#.#.........#
†..........#............
##.#.....###############
##.#...>....


You could see Robin (fast) and 9 goblins.

Vanquished Creatures
  A worm (D:2)
  A dart slug (D:2)
  3 endoplasms
  A giant cockroach (D:1)
  3 goblins
  5 hobgoblins
  4 jackals (D:2)
  3 kobolds
  A ball python (D:2)
  2 bats
  4 rats (D:1)
28 creatures vanquished.

Vanquished Creatures (others)
  A plant (D:1)
1 creature vanquished.

Grand Total: 29 creatures vanquished

Notes
Turn   | Place    | Note
-------+----------+-------------------------------------------
     0 | D:1      | ryw the Demonspawn Monk began the quest for the Orb.
     0 | D:1      | Reached XP level 1. HP: 18/18 MP: 1/1
    17 | D:1      | You fall into a shaft and drop 1 floor!
   165 | D:1      | Found a faded altar of an unknown god.
   306 | D:1      | Gained mutation: You have an unusually large brain. (Int
                  | +2) [demonic ancestry]
   306 | D:1      | Reached XP level 2. HP: 24/24 MP: 2/2
  1209 | D:2      | Reached XP level 3. HP: 29/29 MP: 3/3
  1404 | D:2      | Noticed Robin
  1411 | D:2      | Slain by a goblin

Illustrated notes

Levels and vault maps discovered:
D:1:      reono_arrival_mine, layout_loops_cross,
          shapermc_ecumenical_altar_mp_ritualfount
D:2:      layout_basic, kennysheep_generic_room_13, uniq_robin

Skill      XL: |  1 |
---------------+----+-----
Dodging        | 3 |  3.4
Fighting       | |  3.7
Stealth        | |  1.7
Unarmed Combat | |  2.6

Action                     || total
---------------------------++-------
  Melee: Unarmed           ||    69
         Punch             ||     2
    Use: Scroll            ||     1
   Stab: Sleeping          ||    10
 Armour: Robe              ||    10
  Dodge: Dodged            ||    47

Table legend: (Time is in decaauts)
 A = Elapsed time spent in this place.
 B = Non-inter-level travel time spent in this place.
 C = Inter-level travel time spent in this place.
 D = Time resting spent in this place.
 E = Time spent auto-exploring this place.
 F = Levels seen in this place.
 G = Mean time per level.
                   A        B        C        D        E       F      G
               +--------+--------+--------+--------+--------+-----+--------+
         Total |   1409 |   1371 |     38 |    100 |   1079 |   2 |  704.5 |
       Dungeon |   1409 |   1371 |     38 |    100 |   1079 |   2 |  704.5 |
               +--------+--------+--------+--------+--------+-----+--------+

Top non-repeatable levels by time:
     D:2: 707 daAuts
     D:1: 702 daAuts
